 Dungeon Crawl Stone Soup version 0.29-a0-1023-g6ae1a4a2c7 (webtiles) character file.

Game seed: 1888371858667343419

136 RBrandon the Covered (level 5, -6/40 HPs)
             Began as a Human Wanderer on Aug 12, 2022.
             Was an Initiate of Elyvilon.
             Splashed by a jelly's acid (7 damage)
             ... on level 4 of the Dungeon.
             The game lasted 00:03:53 (2350 turns).

RBrandon the Covered (Human Wanderer)               Turns: 2350, Time: 00:03:53

Health: -6/40      AC:  8    Str: 23    XL:     5   Next: 43%
Magic:  6/6        EV:  9    Int: 11    God:    Elyvilon [......]
Gold:   47         SH:  0    Dex: 11    Spells: 6/6 levels left

rFire   . . .      SeeInvis .   a - +0 hand axe
rCold   . . .      Faith    .   (no shield)
rNeg    . . .      Spirit   .   b - +2 scale mail
rPois   .          Reflect  .   o - +0 helmet
rElec   .          Harm     .   k - +0 cloak
rCorr   .          Rampage  .   q - +0 pair of gloves
Will    .....                   (no boots)
Stlth   ..........              (no amulet)
HPRegen 0.13/turn               t - +6 ring of strength
MPRegen 0.10/turn               (no ring)

@: mighty, corroded
A: no striking features
a: Renounce Religion


You were on level 4 of the Dungeon.
You worshipped Elyvilon.
Elyvilon was noncommittal.
You visited 1 branch of the dungeon, and saw 4 of its levels.

You collected 113 gold pieces.
You spent 66 gold pieces at shops.

Inventory:

Hand Weapons
 a - a +0 hand axe (weapon)
Missiles
 s - a poisoned dart (quivered)
Armour
 b - a +2 scale mail (worn)
 k - a +0 cloak (worn)
 o - a +0 helmet (worn)
 q - a +0 pair of gloves (worn)
Jewellery
 g - an amulet of faith
 t - a +6 ring of strength (left hand)
Scrolls
 d - 2 scrolls of teleportation
 f - a scroll of vulnerability {unknown}
 j - 3 scrolls of magic mapping {unknown}
 l - a scroll of amnesia {unknown}
 n - a scroll of enchant armour {unknown}
 u - a scroll of poison
Potions
 c - 2 potions of attraction
 e - a potion of invisibility
 h - 4 potions of flight
 i - a potion of cancellation {unknown}
 m - a potion of might
 p - 2 potions of lignification {unknown}
 r - 3 potions of heal wounds {unknown}
 v - a potion of ambrosia {unknown}


   Skills:
 + Level 2.9 Fighting
 - Level 2.0 Axes
 - Level 1.0 Throwing
 * Level 4.8 Armour
 - Level 1.0 Stealth
 - Level 1.0 Spellcasting
 - Level 1.0 Evocations


You had 6 spell levels left.
You didn't know any spells.
Your spell library contained the following spells:

 Spells                   Type           Power      Damage    Failure   Level
 Sublimation of Blood     Necr           0%         N/A       75%         2
 Conjure Flame            Conj/Fire      0%         6-21      93%         3
 Dazzling Flash           Conj/Hex       0%         N/A       93%         3
 Death Channel            Necr           0%         N/A       100%        6


Dungeon Overview and Level Annotations

Branches:
Dungeon (4/15)
 Temple: D:4-7

Altars:
Elyvilon
Uskayaw

Shops:
D:3 ?


Message History

The jelly quivers.
The orc hits you with a +0 trident.
The dart slug bites you but does no damage.
You slash the dart slug!
The dart slug is severely wounded.
You hit the orc. The orc barely misses you.
You hit the dart slug.
You kill the dart slug!
You barely miss the orc. The orc closely misses you.
The jelly hits you but does no damage. The orc hits you but does no damage.
You closely miss the orc.
The orc is moderately wounded.
You hit the jelly.
Your hands burn!
The jelly hits you.
You are splashed with acid.
The orc hits you but does no damage.
You hit the orc.
You kill the orc!
You hit the jelly.
Your hands burn!
The jelly hits you but does no damage.
You barely miss the jelly.
The jelly is lightly wounded.
The jelly hits you but does no damage.
You hit the jelly. The acid corrodes you!
Your hands burn!
* * * LOW HITPOINT WARNING * * *
The jelly is lightly wounded.
The jelly barely misses you.
You hit the jelly. The acid corrodes you!
Your hands burn!
* * * LOW HITPOINT WARNING * * *
The jelly is moderately wounded.
The jelly hits you but does no damage. x2
Okay, then.
You feel very mighty all of a sudden. The jelly hits you.
* * * LOW HITPOINT WARNING * * *
You are splashed with acid!
* * * LOW HITPOINT WARNING * * *
You barely miss the jelly.
The jelly is moderately wounded.
The jelly hits you.
* * * LOW HITPOINT WARNING * * *
You are splashed with acid!
You die...

##.########.#.#.#.#.#####.#
#......... ...............
########## #.#...#.#####.#
#.#####.# #.......#
##.######## #........##
###........ #@.##..#. #J)#
# #.... #...... #########
#o. g #.. ##+


You could see a jelly, an orc and a goblin.

Vanquished Creatures
  Terence (D:3)
  An orc wizard (D:3)
  3 adders
  2 dart slugs
  7 orcs
  3 ball pythons
  2 endoplasms (D:2)
  5 giant cockroaches
  3 goblins
  6 jackals
  A quokka (D:3)
  4 bats
  4 frilled lizards
  3 kobolds
  4 rats
49 creatures vanquished.

Notes
Turn   | Place    | Note
-------+----------+-------------------------------------------
     0 | D:1      | RBrandon the Human Wanderer began the quest for the Orb.
     0 | D:1      | RBrandon set off with the following items: a +0 hand axe, a
                  | +2 scale mail, a potion of attraction, a scroll of
                  | teleportation.
     0 | D:1      | Reached XP level 1. HP: 15/15 MP: 2/2
   212 | D:1      | Reached XP level 2. HP: 16/21 MP: 3/3
   869 | D:2      | Reached XP level 3. HP: 27/27 MP: 4/4
  1339 | D:2      | Got the Guidebook on Sepulchral Attacks
  1363 | D:2      | Reached skill level 4 in Armour
  1363 | D:2      | Reached XP level 4. HP: 28/34 MP: 5/5
  1726 | D:3      | Noticed Terence
  1729 | D:3      | Found a hide-covered altar of Uskayaw.
  1729 | D:3      | Found a white marble altar of Elyvilon.
  1734 | D:3      | Killed Terence
  1748 | D:3      | Reached XP level 5. HP: 22/40 MP: 6/6
  1903 | D:3      | Became a worshipper of Elyvilon the Healer
  1917 | D:3      | Found Xofudead's Magic Scroll Shop.
  1926 | D:3      | Bought a scroll of identify for 22 gold pieces
  1926 | D:3      | Bought a scroll of poison for 44 gold pieces
  2208 | D:3      | Found a faded altar of an unknown god.
  2350 | D:4      | HP: 1/40 [jelly (2)]
  2350 | D:4      | Splashed by a jelly's acid

Illustrated notes

Levels and vault maps discovered:
D:1:      lightli_arrival_quake, layout_loops_ring
D:2:      layout_rooms
D:3:      layout_rooms, mainiacjoe_overflow_large_starburst, serial_shops, shop,
          shapermc_ecumenical_altar_mp_urbaneastern, grunt_decor_cap,
          kennysheep_generic_room_12, uniq_terence
D:4:      minmay_clustersquares, layout_basic

Skill      XL: |  1  2  3 |
---------------+----------+-----
Fighting       | 2 |  2.9
Armour         | 4 |  4.8
Axes           | |  2.0
Throwing       | |  1.0
Stealth        | |  1.0
Spellcasting   | |  1.0
Evocations     | |  1.0

Action                   |  1- 3 |  4- 6 || total
-------------------------+-------+-------++-------
Melee: Hand axe          |   117 |    50 ||   167
       Punch             |     1 |       ||     1
Throw: Dart              |       |     2 ||     2
  Use: Scroll            |       |     4 ||     4
       Potion            |       |     1 ||     1
Armor: Scale mail        |    78 |    31 ||   109
Dodge: Dodged            |    67 |    33 ||   100

Table legend: (Time is in decaauts)
 A = Elapsed time spent in this place.
 B = Non-inter-level travel time spent in this place.
 C = Inter-level travel time spent in this place.
 D = Time resting spent in this place.
 E = Time spent auto-exploring this place.
 F = Levels seen in this place.
 G = Mean time per level.
                   A        B        C        D        E       F      G
               +--------+--------+--------+--------+--------+-----+--------+
         Total |   2382 |   2257 |    125 |    115 |   1642 |   4 |  595.5 |
       Dungeon |   2382 |   2257 |    125 |    115 |   1642 |   4 |  595.5 |
               +--------+--------+--------+--------+--------+-----+--------+

Top non-repeatable levels by time:
     D:1: 875 daAuts
     D:3: 872 daAuts
     D:2: 546 daAuts
     D:4: 88 daAuts

Table legend:
 A = Kills in this place as a percentage of kills in entire the game.
 B = Kills by you in this place as a percentage of kills by you in the entire game.
 C = Kills by friends in this place as a percentage of kills by friends in the entire game.
 D = Other kills in this place as a percentage of other kills in the entire game.
 E = Experience gained in this place as a percentage of experience gained in the entire game.
 F = Experience gained in this place divided by the number of levels of this place that you have seen.
                   A       B       C       D       E      F
               +-------+-------+-------+-------+-------+----------------------
         Total | 100.0 | 100.0 |   N/A |   N/A | 100.0 |  48.8
       Dungeon | 100.0 | 100.0 |   N/A |   N/A | 100.0 |  48.8
               +-------+-------+-------+-------+-------+----------------------
